 Dungeon Crawl Stone Soup version 0.28.0-47-ge53b351184 (webtiles) character file.

Game seed: 7789770859624923847

4 bobregger the Skirmisher (level 1, -1/24 HPs)
             Began as an Ogre Berserker on May 5, 2022.
             Was a Follower of Trog.
             Slain by a kobold
             ... wielding a +2 dagger of venom
              (2 damage)
             ... on level 1 of the Dungeon.
             The game lasted 00:00:50 (299 turns).

bobregger the Skirmisher (Ogre Berserker)            Turns: 299, Time: 00:00:51

Health: -1/24      AC:  3    Str: 20    XL:     1   Next: 60%
Magic:  1/1        EV: 10    Int:  8    God:    Trog [*.....]
Gold:   0          SH:  0    Dex:  8    Spells: 0/0 levels left

rFire   . . .      SeeInvis .   a - +0 mace
rCold   . . .      Faith    .   (no shield)
rNeg    . . .      Spirit   .   b - +0 animal skin
rPois   .          Reflect  .   (helmet restricted)
rElec   .          Harm     .   (no cloak)
rCorr   .          Rampage  .   (gloves unavailable)
Will    .....                   (boots unavailable)
Stlth   +.........              (no amulet)
HPRegen 0.08/turn               (no ring)
MPRegen 0.07/turn               (no ring)

@: lethally poisoned (-1 -> -6)
A: large, unfitting armour, tough skin 1
a: Renounce Religion, Berserk


You were on level 1 of the Dungeon.
You worshipped Trog.
Trog was aware of your devotion.
You visited 1 branch of the dungeon, and saw 1 of its levels.

Inventory:

Hand Weapons
 a - a +0 mace (weapon)
Armour
 b - a +0 animal skin (worn)
Scrolls
 c - a scroll of fear {unknown}
Potions
 d - a potion of invisibility {unknown}


   Skills:
 - Level 4.0 Fighting
 + Level 3.0 Maces & Flails
 - Level 2.6 Dodging


You couldn't memorise any spells.
You didn't know any spells.
Your spell library was empty.

Dungeon Overview and Level Annotations

Branches:
Dungeon (1/15)

Altars:

Shops:
D:1 (


Innate Abilities, Weirdness & Mutations

You are too large for most types of armour.
You have tough skin. (AC +1)


Message History

A bat comes into view.
There are monsters nearby!
There are monsters nearby!
There are monsters nearby!
A rat comes into view.
A hobgoblin comes into view.
A ball python comes into view.
The ball python hisses angrily.
You hit the kobold but do no damage.
The kobold hits you with a +2 dagger of venom.
You are poisoned.
The bat closely misses you.
You hit the kobold but do no damage.
You feel very sick. The bat closely misses you.
The kobold hits you with a +2 dagger of venom.
The rat barely misses you.
You feel sick. The bat barely misses you. The ball python barely misses you.
You feel sick. The bat hits you but does no damage.
You feel sick. The bat closely misses you. The bat barely misses you.
The ball python barely misses you.
You feel sick. The bat barely misses you. The rat closely misses you.
You hit the bat but do no damage.
You feel sick. The bat hits you.
The kobold hits you with a +2 dagger of venom.
The ball python closely misses you. The rat bites you but does no damage.
The kobold hits you with a +2 dagger of venom.
* * * LOW HITPOINT WARNING * * *
You are lethally poisoned!
* * * LOW HITPOINT WARNING * * *
You feel sick. The bat barely misses you.
* * * LOW HITPOINT WARNING * * *
You feel sick.
The ball python bites you but does no damage.
The ball python barely misses you.
* * * LOW HITPOINT WARNING * * *
You feel sick. The rat barely misses you.
* * * LOW HITPOINT WARNING * * *
You feel sick.
The kobold hits you with a +2 dagger of venom.
You die...

#.#....###.#.##.#######..#######
#.#......#.#..........†........#
##.###..#.#.#.#..################
#....#..#.#.# #.........
####.#....#[####.#######
#.#....#......# #.#.#.#####.#.#
#.#.#.# #.#.# #.#.#.# #.#@#
#.#.#.# #.#K######## #.#.#.#
#.#rSg......
#.#.#.#####.#b..######
#.#.#...........###
#.#.#######.......#
#)#.............#.#
###.##########........#
#.......... #........#


You could see a bat, a ball python, a kobold and a rat.

Vanquished Creatures
  A goblin (D:1)
  A kobold (D:1)
  A ball python (D:1)
  A rat (D:1)
4 creatures vanquished.

Notes
Turn   | Place    | Note
-------+----------+-------------------------------------------
     0 | D:1      | bobregger the Ogre Berserker began the quest for the Orb.
     0 | D:1      | Reached XP level 1. HP: 24/24 MP: 1/1
    31 | D:1      | Found Foelewiu's Antique Weapon Shop.
   299 | D:1      | HP: 1/24 [poisoned by a kobold]
   299 | D:1      | Slain by a kobold

Illustrated notes

Levels and vault maps discovered:
D:1:      lightli_arrival_lavapool, layout_basic, serial_shops, shop_statue,
          minmay_distorted

Skill      XL: |  1 |
---------------+----+-----
Maces & Flails | 3 |  3.0
Fighting       | |  4.0
Dodging        | |  2.6

Action                   || total
-------------------------++-------
Melee: Mace              ||    16
Armor: Animal skin       ||     8
Dodge: Dodged            ||    24
